[Event "TUR-ch U13-18 Open 2023"]
[Site "Antalya"]
[Date "2023.01.22"]
[Round "1"]
[White "Demirci, Samet Erhan"]
[Black "Yildirim, Ibrahim Halil"]
[Result "0-1"]
[ECO "C54"]
[WhiteElo "1479"]
[BlackElo "2124"]
[Annotator "TA"]
[PlyCount "69"]
[EventDate "2023.01.17"]
[EventType "swiss"]
[EventCountry "TUR"]
[SourceTitle "playchess.com"]
[Source "ChessBase"]
[SourceQuality "1"]
[TimeControl "5400+30"]

1. e4 e5 2. Nf3 Nc6 3. Bc4 Bc5 4. c3 Nf6 5. d3 a6 6. O-O Ba7 7. h3 {C54: Giuoco Piano: 4 c3 Nf6, main lines with 5 d4 and 5 d3.} d6 8. a4 O-O 9. Re1 {The position is equal.} h6 10. Nbd2 Nh5 11. Nf1 Qf6 12. Be3 {12.Ne3 is not played anymore.} Nf4 13. Bxa7 Rxa7 14. Ng3 {[#]} (14. Kh2 {is more complex.} Bd7 15. Ne3 Raa8 16. a5) 14... Ne7 $146 ({Predecessor:} 14... g6 15. Nh2 h5 16. Qf3 Kg7 17. Ne2 Nxe2+ 18. Qxe2 Na5 19. Bd5 c6 20. Ba2 c5 {1-0 Kacharava,N (2437)-Toure,V (2132) EU-ch Online U2300 Final 2020 (3)}) 15. Re3 Neg6 16. d4 h5 17. Bf1 Be6 18. Kh2 Ne7 19. Ne2 g5 (19... Nxe2 $11 20. Qxe2 Raa8) 20. d5 ({White should try} 20. Nxg5 $16 Qxg5 21. Rg3) 20... Bd7 {[#]} (20... Bg4 $14) 21. g3 (21. Nxg5 $1 $16 Qxg5 22. Rg3) 21... Nfg6 $15 {aiming for ...g4.} 22. Qe1 g4 23. Nd2 Qg5 ({Black should play} 23... Qg7 $15) 24. h4 $11 Qh6 25. Bg2 Raa8 26. Ng1 (26. c4 $15) 26... f5 $17 27. exf5 Nxf5 28. Rd3 Nfe7 {Black is more active.} (28... Nfxh4 $17 {Strongly threatening ...Nf5.} 29. gxh4 Qf4+ 30. Kh1 Qxf2) 29. Ne4 $15 Bf5 30. Qe3 $2 {Inhibits Nf4. This costs White the game.} (30. b4 $15) 30... Qxe3 $19 31. fxe3 (31. Rxe3 Bxe4 {[%mdl 64] Discovered Attack} 32. Rxe4) 31... Bxe4 32. Bxe4 Rf2+ 33. Kh1 Rxb2 {[#] Hoping for ...Rf8.} 34. Rdd1 Rf8 {Threatens to win with ...Rff2.} 35. Rf1 {Weighted Error Value: White=0.35/Black=0.20 (precise)} 0-1

[Event "TUR-ch U13-18 Open 2023"]
[Site "Antalya"]
[Date "2023.01.22"]
[Round "1"]
[White "Opcun, Ali Atilla"]
[Black "Avsar, Gediz"]
[Result "0-1"]
[ECO "B34"]
[WhiteElo "1387"]
[BlackElo "1748"]
[Annotator "NA RC COMBH"]
[PlyCount "86"]
[EventDate "2023.01.17"]
[EventType "swiss"]
[EventCountry "TUR"]
[SourceTitle "playchess.com"]
[Source "ChessBase"]
[SourceQuality "1"]
[TimeControl "5400+30"]

1. e4 c5 2. Nf3 Nc6 3. d4 cxd4 4. Nxd4 g6 5. Nc3 Bg7 6. Be3 Nf6 7. f3 O-O 8. Qd2 d5 9. O-O-O dxe4 10. Nxc6 Qxd2+ 11. Rxd2 bxc6 12. Nxe4 Nd5 13. Bg5 f6 14. Bc4 Kh8 15. Bxd5 cxd5 16. Rxd5 Bb7 17. Rd7 Bxe4 18. Be3 Bc6 19. Rxe7 Rfe8 20. Rxe8+ Rxe8 21. Bxa7 Re2 22. Rg1 Bh6+ 23. Kb1 Bd7 24. c3 Bf5+ 25. Ka1 Rc2 26. g4 Bd3 27. Rd1 Be2 28. Rd8+ Kg7 29. a4 Bc4 30. Rd1 Bb3 31. a5 Rxh2 32. Re1 Bd2 33. Rf1 h5 34. Bd4 Bc4 35. Rd1 h4 36. Rb1 Re2 37. b3 Bd3 38. Rh1 g5 39. c4 Bxa5 40. c5 Re1+ 41. Rxe1 Bxe1 42. c6 Bg3 43. b4 Bb5 0-1

[Event "TUR-ch U13-18 Open 2023"]
[Site "Antalya"]
[Date "2023.01.22"]
[Round "1"]
[White "Cetin, Eralp"]
[Black "Kazik, Oguz Kagan"]
[Result "0-1"]
[ECO "E01"]
[WhiteElo "1378"]
[BlackElo "2053"]
[Annotator "TA"]
[PlyCount "74"]
[EventDate "2023.01.17"]
[EventType "swiss"]
[EventCountry "TUR"]
[SourceTitle "playchess.com"]
[Source "ChessBase"]
[SourceQuality "1"]
[TimeControl "5400+30"]

1. d4 Nf6 2. c4 e6 3. g3 d5 4. Bg2 Bb4+ 5. Bd2 a5 6. a3 {E01: Catalan: Early deviations.} Be7 7. Nf3 O-O 8. O-O {The position is equal.} dxc4 9. Nc3 Nc6 10. Bg5 {[#]} Nd5 $146 ({Predecessor:} 10... Rb8 11. e4 b5 12. d5 Na7 13. Be3 Rb7 14. Bxa7 Rxa7 15. Nxb5 Rb7 16. Nfd4 Bd7 17. a4 e5 18. Nc6 Bxc6 19. dxc6 Rb6 20. Qc2 Rxc6 21. Qc3 Bb4 {½-½ Minko,V (2226)-Zumsande,M (2423) Pardubice Czech op-A 26th 2015 (7)}) 11. Bxe7 Qxe7 12. e3 Rd8 13. Nd2 {[%mdl 1024] White has compensation.} b6 14. Qa4 Qd7 15. Rfe1 Ba6 16. Rac1 (16. Qc2 $11 {was preferrable.}) 16... Rab8 17. Qc2 b5 (17... Nxc3 $5 18. Qxc3 Ne5 $11 {[%mdl 64] Pin}) 18. Nce4 (18. Nde4 {is more appropriate.}) 18... Qe7 19. Nc5 {Against a4} (19. b3 $1 $11) 19... Bc8 $1 $17 {White is now going downhill.} 20. Nb1 {[#]} a4 $1 21. Nc3 Qf8 22. Rcd1 Na5 23. e4 Nxc3 24. Qxc3 Nb3 25. Nxb3 axb3 26. h4 Ba6 27. Qa5 Qd6 28. h5 h6 29. e5 Qb6 30. Qd2 (30. Qxb6 Rxb6 31. Rd2) 30... b4 $2 (30... c5 $19 {[%cal Rd8d4] has better winning chances.} 31. Re4 Bb7) 31. Re4 $2 {[%mdl 8192] [#]} (31. axb4 $17 Qxb4 32. Qxb4 Rxb4 33. f4) 31... c3 $1 $19 {[%mdl 576] Deflection} 32. bxc3 (32. Qe1 c2) 32... bxa3 33. Rg4 Kf8 {aiming for ...b2.} 34. Qf4 Be2 35. Qf6 Ke8 $4 {[%mdl 8192] [#]} (35... gxf6 $19 36. Rg6 Bxd1 37. Rxh6 a2 38. Rxf6 b2) 36. Be4 $4 b2 $4 (36... gxf6 $19 37. Rg8+ Ke7 38. exf6+ Kxf6 39. Rxd8 Bxd1) 37. Rd2 $4 (37. Rxg7 $18 Kd7 38. Rxf7+ Kc8 39. Rf8) 37... Kd7 {Weighted Error Value: White=1.16/Black=0.41} (37... b1=Q+ $142 38. Bxb1 Qxb1+ 39. Kh2 gxf6) 0-1

[Event "TUR-ch U13-18 Open 2023"]
[Site "Antalya"]
[Date "2023.01.22"]
[Round "1"]
[White "Emre, Alaattin Eren"]
[Black "Ozen, Metehan"]
[Result "0-1"]
[ECO "B22"]
[WhiteElo "1345"]
[BlackElo "2137"]
[Annotator "TA"]
[PlyCount "47"]
[EventDate "2023.01.17"]
[EventType "swiss"]
[EventCountry "TUR"]
[SourceTitle "playchess.com"]
[Source "ChessBase"]
[SourceQuality "1"]
[TimeControl "5400+30"]

1. e4 c5 2. c3 g6 3. d4 cxd4 4. cxd4 d5 5. Nc3 dxe4 6. Bc4 {B22: Sicilian: 2 c3.} Nf6 7. Qb3 e6 8. d5 {Against Nc6. The position is equal.} exd5 9. Nxd5 {[#] Strongly threatening Bg5.} Nxd5 (9... Bg7 {with more complications.} 10. Bg5 O-O 11. Rd1 Nbd7) 10. Bxd5 Qe7 ({But not} 10... Qa5+ 11. Bd2 Qc7 12. Bc3 $16 (12. Bxe4 Bg7 $14)) 11. Bd2 {[%mdl 1024] Inhibits Qb4. And now Qc3 would win. White has compensation.} (11. Qc3 $5 Qb4 12. Bd2 Qxc3 13. Bxc3 $14) 11... Nd7 {[#]} 12. Rc1 $146 (12. Qa4 $11) ({Predecessor:} 12. Qa4 e3 13. fxe3 Bg7 14. Bb4 Qxe3+ 15. Ne2 f5 16. Rd1 Bf8 17. Bc3 Bc5 18. Rf1 {1-0 Krejic,I (2233)-Ivanovic,L (2117) Gligoric Cup 5th 2018 (4.4)}) 12... Nf6 (12... Nc5 $2 13. Rxc5 Qxc5 14. Bxf7+ (14. Bc3 Be6 $16) 14... Kd8 15. Qc3 Qxc3 16. Bxc3 $18) (12... Ne5 $15 13. Kf1 Bf5) 13. Bc3 Bh6 (13... Bg7 $11) 14. Qb5+ $2 (14. Bb4 $1 $14 {was forced to keep a grip.} Qd7 15. Qc3) 14... Bd7 $19 15. Qxb7 O-O 16. Rd1 e3 {Hoping for ...exf2+.} 17. f3 {[#] This costs White the game.} (17. f4 $17 {only move.} Nxd5 18. Rxd5) 17... Rab8 $1 ({Not} 17... Nxd5 18. Qxd5 e2 19. Nxe2 $11) 18. Bxf6 $2 (18. Qc7 Rfc8 19. Qe5 Qxe5 20. Bxe5 Nxd5 21. Bxb8 Rxb8 22. Rxd5) 18... Qxf6 19. Qxd7 Rxb2 {( -> ...Qc3+)} 20. Ne2 {Wards off Qc3+} Qa6 21. Bxf7+ Rxf7 22. Qd8+ Bf8 23. Qd3 Qxd3 (23... Bb4+ $142 24. Kf1 Rd7 {[%mdl 64] Pin, Skewer} 25. Qxe3 Rxd1+ 26. Kf2 Rxh1 27. Qe8+ Bf8 28. f4 Qd3 29. Qe6+ Kg7 30. Qe5+ Kf7 31. Qc7+ Be7 32. Qc4+ Qxc4 33. Ke3 Rxe2+ 34. Kf3 Qe4+ {[%mdl 64] Skewer, Deflection} 35. Kg4 Qxg2#) 24. Rxd3 {Artfully played by Ozen.   Weighted Error Value: White=1.00/Black=0.35} 0-1

[Event "TUR-ch U13-18 Open 2023"]
[Site "Antalya"]
[Date "2023.01.22"]
[Round "1"]
[White "Gupluce, Melih"]
[Black "Demirtas, Alper"]
[Result "0-1"]
[ECO "C02"]
[WhiteElo "1309"]
[BlackElo "1990"]
[Annotator "TA"]
[PlyCount "97"]
[EventDate "2023.01.17"]
[EventType "swiss"]
[EventCountry "TUR"]
[SourceTitle "playchess.com"]
[Source "ChessBase"]
[SourceQuality "1"]
[TimeControl "5400+30"]

1. e4 e6 2. d4 d5 3. e5 c5 4. c3 Qb6 5. Nf3 Bd7 6. Bd3 Bb5 7. O-O Bxd3 8. Qxd3 Nc6 9. dxc5 Bxc5 10. b4 {C02: French: Advance Variation.} Bf8 11. Nbd2 Nge7 12. Nb3 {White has an edge.} Ng6 13. Re1 Be7 {Prevents h4.} 14. a4 {[#]} Qc7 $146 ({Predecessor:} 14... O-O 15. a5 Qc7 16. Nbd4 Nxd4 17. Qxd4 f6 18. Qg4 f5 19. Qd4 Rfc8 20. Bd2 Qc4 {½-½ Nemeth,M (2451)-Muckle,J (2391) BL2-Sued 2122 2022 (1.3)}) 15. Qe2 Rc8 16. Bd2 O-O 17. Rac1 Nb8 18. Nbd4 Nd7 19. a5 a6 20. Nc2 Qc4 21. Qd1 Qc7 22. Qe2 Qb8 23. Na3 b5 {Threatening ...Bd8.} 24. axb6 $1 Qxb6 25. Be3 Qb7 26. Bd4 a5 27. Nc2 axb4 28. cxb4 (28. Rb1 $1 $15) 28... Rc4 $1 $17 {Black is more active.} (28... Bxb4 $6 29. Rb1 Rc4 30. Ne3 $15) 29. Nd2 Rc7 (29... Bxb4 30. Nxc4 Bxe1 31. Nd6 (31. Nxe1 Qa6 $15 {[%mdl 64] Pin}) (31. Rxe1 dxc4 32. Qxc4 Rc8 $17) 31... Bxf2+ 32. Qxf2 $16) 30. Nf3 Rfc8 (30... Bxb4 31. Rb1 Rc4 32. Ne3 $15) 31. b5 Ba3 {[%mdl 64] Pin} 32. b6 Rc6 ({And not} 32... Bxc1 33. bxc7 Bh6 34. g3 $17) 33. Ra1 Rxc2 34. Qb5 Bc5 35. Ra7 Qxb6 36. Qxd7 Rf8 $36 {[%mdl 2048] White is under strong pressure.} (36... Bxd4 $2 {leads to mate.} 37. Qxf7+ Kh8 38. Qxg7#) 37. Rb7 Qa5 38. Rb5 {[#]} (38. Qc7 $17 Qa8 39. Reb1 (39. Bxc5 Rxc5 40. Qxc5 Qxb7 $17)) 38... Qa4 $1 $19 ({Worse is} 38... Qa3 39. Qc7 Bxd4 40. Qxc2 Bxe5 41. Rb3 $11) 39. Bxc5 Rxc5 {[%mdl 64] Pin} 40. Rb7 Qa5 41. Reb1 Qa3 {[%cal Og6e5] ...Nxe5! is the strong threat.} 42. h3 (42. Re1 $142) 42... Rc1+ {Black has a decisive advantage.} 43. Kh2 {[#]} Rxb1 44. Rxb1 Qa2 45. Qb5 Qxf2 46. Rb2 Qe3 47. Rb3 Qf4+ 48. g3 Qe4 {Threatens to win with ...Qc2+.} 49. Qd3 {Prevents Qc2+.   Weighted Error Value: White=0.15 (very precise) /Black=0.06 (flawless)} 0-1

[Event "TUR-ch U13-18 Open 2023"]
[Site "Antalya"]
[Date "2023.01.22"]
[Round "1"]
[White "Akdemir, Hamza Efe"]
[Black "Kavri, Yusuf Eren"]
[Result "0-1"]
[ECO "B56"]
[WhiteElo "1280"]
[BlackElo "2050"]
[Annotator "TA"]
[PlyCount "52"]
[EventDate "2023.01.17"]
[EventType "swiss"]
[EventCountry "TUR"]
[SourceTitle "playchess.com"]
[Source "ChessBase"]
[SourceQuality "1"]
[TimeControl "5400+30"]

1. e4 c5 2. Nf3 Nc6 3. d4 cxd4 4. Nxd4 Nf6 5. Nc3 d6 6. h3 e5 7. Nde2 Be6 {[%emt 0:00:00] B56: Classical Sicilian: Unusual Lines.} 8. g4 d5 9. exd5 Nxd5 {[%emt 0:00:30] Black is slightly better.} ({Of course not} 9... Bxd5 10. Nxd5 Qxd5 11. Qxd5 Nxd5 12. Bg2 $11) 10. Bg2 Bb4 {[%emt 0:07:30] [#]} 11. Bd2 $146 ({Predecessor:} 11. O-O Nxc3 12. Nxc3 O-O 13. Bxc6 bxc6 14. Qe2 h5 15. Qxe5 hxg4 16. Ne4 gxh3 17. Bh6 gxh6 {1-0 Langmajer,J (1801)-Flajsman,P (2179) Plzen op 2021 (1)}) 11... O-O 12. O-O Nb6 {[%emt 0:04:30] Black is more active.} 13. Ne4 Be7 14. b3 Qc7 15. c4 Rad8 16. Qc2 f5 17. Ng5 {[%emt 0:13:30] [#]} ({Better is} 17. gxf5 $1 $15 Bxf5 18. N2g3) 17... Bc8 $1 $17 {[%emt 0:15:30] Hoping for ...h6.} 18. Rad1 h6 (18... fxg4 $2 19. Qxh7#) 19. Bd5+ Nxd5 $19 20. cxd5 hxg5 ({Stronger than} 20... Bxg5 21. Bxg5 hxg5 22. dxc6 $17) 21. dxc6 (21. Qc4 $142 Kh8 22. Ng3) 21... Qxc6 ({Inferior is} 21... bxc6 22. Be3 $17) 22. Qxc6 bxc6 23. f3 $2 {[%emt 0:00:30] [#]} (23. gxf5 Bxf5 24. Be3) 23... Ba6 {[%emt 0:03:07] Black is clearly winning.} 24. Kf2 (24. Rfe1 $142 fxg4 25. hxg4) 24... fxg4 25. hxg4 e4 {[%emt 0:00:22][%cal Be5e4,Be4f3][%mdl 32] And now ...Bc5+ would win.} 26. Ke1 exf3 {[%emt 0:00:39] Weighted Error Value: White=0.98/Black=0.13 (very precise)} 0-1

[Event "TUR-ch U13-18 Open 2023"]
[Site "Antalya"]
[Date "2023.01.22"]
[Round "1"]
[White "Polat, Mehmet"]
[Black "Taspinar, Yanki"]
[Result "0-1"]
[ECO "C50"]
[WhiteElo "1258"]
[BlackElo "2275"]
[Annotator "TA"]
[PlyCount "66"]
[EventDate "2023.01.17"]
[EventType "swiss"]
[EventCountry "TUR"]
[SourceTitle "playchess.com"]
[Source "ChessBase"]
[SourceQuality "1"]
[TimeControl "5400+30"]

1. e4 e5 2. Nf3 Nc6 3. Bc4 Nf6 4. d3 Bc5 5. h3 d6 6. Be3 {C50: Hungarian Defence and Giuoco Pianissimo.} Bxe3 7. fxe3 Na5 {Hoping for ...Nxc4.} 8. Bb3 {The position is equal.} Nxb3 9. axb3 h6 10. Qe2 Qe7 11. Nc3 {[#]} c6 $146 ({Predecessor:} 11... Bd7 12. d4 O-O 13. O-O Bc6 14. Nd2 a6 15. Qf3 Rae8 16. Rae1 Nh7 17. Qg3 Qg5 {0-1 Wallner,J (1606)-Skapik,B (1822) SVK-chT4A21 1415 2014 (6.3)}) 12. O-O Nh7 13. Rad1 Ng5 14. d4 O-O 15. Rde1 Bd7 16. Qd1 b5 17. Qd3 b4 18. Nd1 c5 19. c4 Rad8 20. d5 g6 21. Kh2 f5 22. Nxg5 hxg5 23. exf5 e4 ({Of course not} 23... gxf5 $6 24. e4 f4 25. Nf2 $15) ({Much worse is} 23... Rxf5 $6 24. g4 e4 25. Qc2 Rxf1 26. Rxf1 $14) ({Much weaker is} 23... Bxf5 $6 24. e4 Bc8 25. Qe3 $11) 24. Qe2 gxf5 25. Nf2 Kg7 26. Nh1 Qe5+ 27. g3 Rh8 28. Nf2 Bc8 {Black has more active pieces.} 29. Kg2 Rh6 30. Rh1 Rdh8 31. Ra1 a6 32. Rae1 Rg6 33. g4 $2 {[#]} (33. Qc2 $17) 33... Rgh6 {Weighted Error Value: White=0.23 (precise) /Black=0.08 (flawless)} 0-1

[Event "TUR-ch U13-18 Open 2023"]
[Site "Antalya"]
[Date "2023.01.22"]
[Round "1"]
[White "Eroz, Deniz"]
[Black "Sozat, Arda"]
[Result "0-1"]
[ECO "D02"]
[WhiteElo "1195"]
[BlackElo "1877"]
[Annotator "NA RC COMBH"]
[PlyCount "96"]
[EventDate "2023.01.17"]
[EventType "swiss"]
[EventCountry "TUR"]
[SourceTitle "playchess.com"]
[Source "ChessBase"]
[SourceQuality "1"]
[TimeControl "5400+30"]

1. d4 Nf6 2. Nf3 d5 3. Bf4 c5 4. c3 Nc6 5. e3 Qb6 6. Qb3 c4 7. Qxb6 axb6 8. Nbd2 b5 9. Be2 Bf5 10. O-O h6 11. h3 e6 12. Ne5 Be7 13. f3 O-O 14. Rfe1 Nxe5 15. Bxe5 Nd7 16. Bh2 Nb6 17. e4 Bg6 18. b3 Ra3 19. Bc7 Ra6 20. Bf1 Bg5 21. f4 Rc8 22. fxg5 Rxc7 23. gxh6 gxh6 24. exd5 exd5 25. bxc4 bxc4 26. Nf3 Ra3 27. Ne5 Rxc3 28. Nxg6 fxg6 29. Re6 Rc6 30. Re7 Ra3 31. Rxb7 Nc8 32. Re1 Kf8 33. Re2 Nd6 34. Rb8+ Kf7 35. Rf2+ Ke7 36. Rg8 Nf5 37. Re2+ Re6 38. Rb2 Nxd4 39. Rb7+ Kf6 40. Rf8+ Kg5 41. h4+ Kg4 42. Rd8 Re5 43. Rb4 Kg3 44. h5 Rf3 45. Rb1 Rxh5 46. Bxc4 Rf2 47. Rb3+ Nxb3 48. Bxd5 Rh1+ 0-1

[Event "TUR-ch U13-18 Open 2023"]
[Site "Antalya"]
[Date "2023.01.22"]
[Round "1"]
[White "Yildirim, Orhun Ali"]
[Black "Temizer, Umut"]
[Result "0-1"]
[ECO "D35"]
[WhiteElo "1188"]
[BlackElo "1989"]
[Annotator "TA"]
[PlyCount "87"]
[EventDate "2023.01.17"]
[EventType "swiss"]
[EventCountry "TUR"]
[SourceTitle "playchess.com"]
[Source "ChessBase"]
[SourceQuality "1"]
[TimeControl "5400+30"]

1. d4 d5 2. Nf3 Nf6 3. c4 e6 4. Nc3 Be7 5. e3 O-O 6. cxd5 exd5 7. Bd3 c6 8. O-O {D35: Queen's Gambit Declined: Exchange Variation.} Bg4 9. b3 Nbd7 10. h3 {The position is equal.} Bh5 11. Bb2 Bd6 12. Be2 Re8 {[#]} 13. Nh4 $146 ({Predecessor:} 13. Nd2 Bg6 14. Bf3 Nf8 15. Re1 Ne6 16. Nf1 Ng5 17. Rc1 Nxf3+ 18. gxf3 Qd7 19. f4 Qxh3 {0-1 Tormos,M-Torrado Quintela,J Orense op 1997 (7)}) 13... Bxe2 14. Qxe2 Nf8 15. Nf5 Bc7 16. Na4 g6 17. Nh6+ Kg7 18. Ng4 Nxg4 19. hxg4 (19. Qxg4 $15 f5 20. Qf3) 19... Qh4 $1 $19 20. g3 Qh3 21. Nc5 Re7 $40 {[%mdl 128] Black attacks with force.} 22. Qf3 Ne6 23. Nxe6+ fxe6 (23... Rxe6 $17 24. g5 Bd8) 24. g5 $1 $15 Bd6 25. Qh1 (25. Qg2 $11 {remains equal.} Qxg2+ 26. Kxg2) 25... Qg4 $1 $17 26. Qh6+ Kg8 27. a4 {[#]} Qe2 (27... Rf8 $142 $1 28. Qh4 Qe2) 28. Rab1 (28. Ba3 $17 Bxa3 29. Rxa3) 28... Rf8 $19 29. Qh2 $2 (29. Qh3) 29... Rf5 (29... Rf3 $142 {Threatens to win with ...Ref7.} 30. Rfe1 Qd3) 30. Rfe1 {[#]} Qc2 (30... Qg4 $1 $19 31. f4 h6) 31. f4 $11 Qxb3 32. g4 (32. Qe2 $15) 32... Rf8 $17 33. a5 $2 (33. Qe2 $17 {was called for.}) 33... Qd3 $2 (33... Bb4 $19 34. Ba1 Qa3) 34. Qe2 Qe4 {Black is much more active.} 35. a6 (35. Qg2 $1 $15) 35... b5 (35... h6 $19 {White must now prevent ...hxg5.} 36. gxh6 g5) 36. Rbc1 Rc7 37. Rc2 $2 (37. Qc2 $17) 37... Rb8 $2 (37... c5 $19 {is more deadly.} 38. dxc5 Bxc5) 38. Ra1 $2 (38. Qg2 $17 {was the crucial defense.}) 38... Rb6 (38... c5 $142 39. Kf2 (39. dxc5 $2 Bxc5 40. Bc1 Qxf4 $19) 39... c4) 39. Kf2 b4 (39... c5 $19 {and Black stays clearly on top.} 40. dxc5 Bxc5) 40. Bc1 $2 (40. Rcc1 $17 {is more resistant.}) 40... b3 ({Avoid the trap} 40... Qh1 $2 41. Bb2 Qh2+ 42. Ke1 $19) 41. Rb2 c5 ({Inferior is} 41... Qh1 42. Qf3 Qxf3+ 43. Kxf3 $17) 42. dxc5 Rxc5 43. Rab1 Rc4 ({Don't go for} 43... Qh1 $2 44. Bd2 Qh2+ 45. Kf1 Qh1+ 46. Kf2 Qh2+ 47. Kf1 Qh3+ 48. Kf2 $19) 44. Bd2 {Weighted Error Value: White=0.61/Black=0.53} 0-1

[Event "TUR-ch U13-18 Open 2023"]
[Site "Antalya"]
[Date "2023.01.22"]
[Round "1"]
[White "Duygulu, Ugur"]
[Black "Gungor, Cihan Akif"]
[Result "0-1"]
[ECO "C58"]
[WhiteElo "1144"]
[BlackElo "1871"]
[Annotator "NA RC COMBH"]
[PlyCount "44"]
[EventDate "2023.01.17"]
[EventType "swiss"]
[EventCountry "TUR"]
[SourceTitle "playchess.com"]
[Source "ChessBase"]
[SourceQuality "1"]
[TimeControl "5400+30"]

1. e4 e5 2. Nf3 Nc6 3. Bc4 Nf6 4. Ng5 d5 5. exd5 Na5 6. Bb5+ c6 7. dxc6 bxc6 8. Bd3 {is cutting edge theory.} Nd5 9. Nf3 Nf4 10. Bf1 e4 {[#]} 11. Ne5 $146 ({Predecessor:} 11. d3 exf3 12. Bxf4 Qf6 13. Qxf3 Qxb2 14. Qe2+ Be6 15. Be5 Qc1+ 16. Qd1 Qg5 17. Bc3 {½-½ Socko,B (2627)-Bartel,M (2598) POL-ch Warsaw 2019 (8)}) 11... Qg5 12. d4 Nxg2+ 13. Bxg2 Qxg2 14. Rf1 Ba6 15. c4 Nxc4 16. Qe2 Bb4+ 17. Nc3 Nxe5 18. Qxa6 Nd3+ 19. Ke2 Qf3+ 20. Kd2 O-O $19 ({Worse is} 20... Nxf2 21. Qxc6+ Ke7 22. Qb7+ Kf6 23. Qa6+ Ke7 24. Qb7+ Kf6 25. Qc6+ Ke7 $11 26. Qb7+ $11) 21. Kc2 Bxc3 22. bxc3 Qe2+ 0-1

[Event "TUR-ch U13-18 Open 2023"]
[Site "Antalya"]
[Date "2023.01.23"]
[Round "2"]
[White "Ozen, Metehan"]
[Black "Egeli, Sercan Veli"]
[Result "1-0"]
[ECO "B39"]
[WhiteElo "2137"]
[BlackElo "1666"]
[Annotator "TA"]
[PlyCount "99"]
[EventDate "2023.01.17"]
[EventType "swiss"]
[EventCountry "TUR"]
[SourceTitle "playchess.com"]
[Source "ChessBase"]
[SourceQuality "1"]
[TimeControl "5400+30"]

1. e4 c5 2. Nf3 g6 3. d4 cxd4 4. Nxd4 Bg7 5. c4 Nc6 6. Be3 Nf6 7. Nc3 Ng4 8. Qxg4 Nxd4 9. Qd1 Ne6 10. Qd2 O-O 11. Be2 b6 12. O-O Bb7 13. f3 Rc8 {[%emt 0:02:30] B39: Sicilian: Maroczy Bind with 5...Bg7 and 7...Ng4.} 14. Rac1 d6 15. Nd5 {[%emt 0:14:30] [#]} f5 $146 {[%emt 0:17:30] White is slightly better.} ({Predecessor:} 15... Nc7 16. b3 Qd7 17. Rfd1 Nxd5 18. exd5 Rfe8 19. Bd4 e5 20. dxe6 Qxe6 21. Bf1 Be5 {½-½ Sapunov,E (2461)-Visakh,N (2506) Titled Tuesday intern op 10th May Early blitz 2022 (10)}) 16. exf5 {[%emt 0:01:30] White is more active.} Rxf5 {[%emt 0:00:30] [#]} (16... gxf5 $142 17. b3 Qd7) 17. f4 $1 $16 Bxd5 (17... b5 $16) 18. cxd5 $18 Rxc1 19. Rxc1 Nc7 {[%emt 0:03:15] Black is weak on the light squares} 20. Bg4 Rf8 21. Qc2 Ne8 22. Qa4 e5 23. dxe6 ({Weaker is} 23. Qxa7 exf4 24. Bxb6 (24. Qxb6 Qg5 $16) 24... Qg5 $16) (23. Be6+ Kh8 $16) 23... Qe7 24. Qd7 Bf6 25. b3 Kh8 26. Rc8 h5 27. Bf3 Ng7 28. Rxf8+ Qxf8 29. Be4 ({Less strong is} 29. Qxa7 Nxe6 30. Qxb6 Nc5 $18) 29... Qe7 30. Bxg6 {[%emt 0:00:30][%cal Be4g6,Bg6h5,Bh5f3,Bf3d5][%mdl 32] [#] Black must now prevent f5. A strong pair of Bishops.} Nxe6 31. Qxe7 Bxe7 32. Bxh5 {[%emt 0:00:30][%mdl 4096] Endgame KBB-KBN} Kg7 33. Bf3 Bf6 34. Kf2 Nd4 35. Bxd4 Bxd4+ {[%emt 0:00:30] KB-KB} 36. Kg3 Kf6 37. Bd5 Kf5 38. Kf3 {[%emt 0:00:30] Hoping for h4.} Bg1 39. g4+ Kf6 40. h4 Bh2 41. h5 {[%emt 0:00:00] White mates.} Kg7 42. g5 Kh7 43. Kg4 a5 44. h6 b5 45. Be4+ Kh8 46. g6 a4 47. g7+ Kg8 48. Kg5 axb3 49. Kg6 bxa2 50. h7# {[%emt 0:00:00] Black did not feel at home in the position after the opening. An entertaining game by Ozen.   Weighted Error Value: White=0.04 (flawless) /Black=0.63} 1-0